[Event "Titled Tuesday Blitz January 31 Late 2023"]
[White "Barbosa, Evandro Amorim"]
[Black "OKEKE, Isaac Chukwudalu"]
[WhiteFideId "2115824"]
[BlackFideId "8508526"]
[WhiteElo "2491"]
[BlackElo "2155"]
[Result "0-1"]
[Round "01"]
[TimeControl "180+2"]
[Date "2023.01.31"]
[WhiteClock "0:01:24"]
[BlackClock "0:01:21"]

1. e4 c5 2. Nf3 d6 3. d4 cxd4 4. Nxd4 Nf6 5. Nc3 a6 6. g3 g6 7. Bg2 Bg7 8. O-O O-O 9. Re1 Qc7 10. h3 Nc6 11. Be3 Bd7 12. Nd5 Nxd5 13. exd5 Nxd4 14. Bxd4 Bxd4 15. Qxd4 Rfe8 16. c3 Rac8 17. Re3 e5 18. dxe6 Bxe6 19. h4 b5 20. h5 Qc5 21. Qxc5 Rxc5 22. h6 Kf8 23. a4 bxa4 24. Rxa4 a5 25. b4 axb4 26. cxb4 Rc1+ 27. Kh2 Rb8 28. Rd3 Rc2 29. Kg1 Rc1+ 30. Kh2 Rc2 31. f4 Bf5 32. Rd4 Re8 33. g4 Be4 0-1


[Site "https://www.chess.com"]

[Event "Titled Tuesday Blitz January 31 Late 2023"]
[White "Bernat, David"]
[Black "Taspinar, Yanki"]
[WhiteFideId "2099225"]
[BlackFideId "34561188"]
[WhiteElo "1862"]
[BlackElo "2262"]
[Result "0-1"]
[Round "01"]
[TimeControl "180+2"]
[Date "2023.01.31"]
[WhiteClock "0:00:05"]
[BlackClock "0:00:08"]

1. c4 c5 2. Nc3 Nc6 3. g3 g6 4. Bg2 Bg7 5. e4 e5 6. Nge2 Nge7 7. O-O O-O 8. d3 d6 9. a3 Be6 10. Rb1 a5 11. Nd5 f5 12. Bg5 h6 13. Bxe7 Nxe7 14. exf5 gxf5 15. f4 Nxd5 16. cxd5 Bd7 17. b4 cxb4 18. axb4 a4 19. fxe5 dxe5 20. d4 exd4 21. Nf4 a3 22. Ra1 Qb6 23. Nd3 Bb5 24. Bh3 Qd6 25. Rxf5 Rxf5 26. Bxf5 Qxd5 27. Qg4 Ra6 28. Nf4 Qe5 29. Be6+ Rxe6 30. Qxe6+ Qxe6 31. Nxe6 Be5 32. Rxa3 d3 33. Ra2 Bc3 34. Nc7 d2 35. Rxd2 Bxd2 36. Nxb5 Bxb4 37. g4 Kf7 38. Kg2 Be7 39. Kf3 Ke6 40. Ke4 Bg5 41. Nd4+ Kd6 42. Nf3 Be7 43. h4 b5 44. g5 h5 45. Ne5 b4 46. Nd3 b3 47. Kf5 Kd5 48. g6 Bf8 49. Kf6 Kd4 50. Nb2 Kc3 51. Na4+ Kb4 52. Nb2 Kc3 53. Na4+ Kb4 54. Nb2 Ka3 55. Nd3 Ka2 56. g7 Bxg7+ 57. Kxg7 Kb1 58. Kg6 Kc2 59. Nb4+ Kc3 60. Nd5+ Kd4 61. Nf4 b2 62. Ne2+ Kd3 63. Nf4+ Kc4 64. Nxh5 b1=Q+ 65. Kg5 Qc1+ 66. Kg6 Kd5 67. Nf6+ Ke6 68. h5 Qg1+ 69. Kh7 Kxf6 70. h6 Qg6+ 71. Kh8 Qxh6+ 72. Kg8 Qg7# 0-1


[Site "https://www.chess.com"]

[Event "Titled Tuesday Blitz January 31 Late 2023"]
[White "Gubajdullin, Alexei"]
[Black "rikchessmx"]
[WhiteFideId "4141202"]
[WhiteElo "2285"]
[BlackElo "2287"]
[Result "1-0"]
[Round "01"]
[TimeControl "180+2"]
[Date "2023.01.31"]
[WhiteClock "0:00:18"]
[BlackClock "0:00:13"]

1. Nf3 Nf6 2. c4 e6 3. g3 d5 4. b3 c6 5. Bb2 Bc5 6. Bg2 O-O 7. O-O Qe7 8. e3 a5 9. a3 b5 10. cxb5 cxb5 11. Nc3 Ba6 12. d3 Nc6 13. Ne2 b4 14. a4 Rfc8 15. Qd2 e5 16. Rfc1 Bd6 17. Bh3 Nd7 18. Nh4 g6 19. Rc2 Nc5 20. Nc1 f5 21. Bg2 e4 22. dxe4 dxe4 23. Qd5+ Kf8 24. Nxf5 gxf5 25. Qxf5+ Ke8 26. Rxc5 Bxc5 27. Bxe4 Nd8 28. Nd3 Bb7 29. Qh5+ Qf7 30. Qxh7 Qxh7 31. Bxh7 Be7 32. Bg6+ Kf8 33. Ne5 Bd6 34. Bf5 Bxe5 35. Bxe5 Nf7 36. Bd4 Nd6 37. Bxc8 Rxc8 38. Bb6 Bf3 39. Bxa5 Ne4 40. Bxb4+ Kf7 41. h4 Rb8 42. Be1 Rxb3 43. a5 Nd6 44. a6 Ba8 45. a7 Ke6 46. g4 Ne4 47. h5 Nf6 48. h6 Kf7 49. g5 Ne4 50. h7 Kg7 51. g6 Rb6 52. f3 Ng5 53. Bc3+ Kxg6 54. h8=Q Nxf3+ 55. Kf2 Be4 56. Qg7+ Kf5 57. Ra5+ Ke6 58. Qf6+ Kd7 59. Qxb6 1-0


[Site "https://www.chess.com"]

[Event "Titled Tuesday Blitz January 31 Late 2023"]
[White "Ruiz Aguilar, Pablo Alexander"]
[Black "Kanakaris, Georgios"]
[WhiteFideId "4401352"]
[BlackFideId "4209460"]
[WhiteElo "2161"]
[BlackElo "2391"]
[Result "0-1"]
[Round "01"]
[TimeControl "180+2"]
[Date "2023.01.31"]
[WhiteClock "0:00:01"]
[BlackClock "0:00:08"]

1. e4 e6 2. d4 d5 3. Nd2 Be7 4. Ngf3 Nf6 5. e5 Nfd7 6. Bd3 c5 7. c3 Nc6 8. O-O a5 9. a4 Qb6 10. dxc5 Nxc5 11. Bc2 Bd7 12. Nb3 Nxb3 13. Bxb3 O-O-O 14. Bc2 f6 15. exf6 gxf6 16. Be3 Bc5 17. Bxc5 Qxc5 18. Nd4 Nxd4 19. cxd4 Qb4 20. b3 Kb8 21. Re1 Rc8 22. Rc1 Rc3 23. Re3 Rhc8 24. Rxc3 Qxc3 25. h3 Be8 26. Kh2 Bg6 27. Bxg6 Qxc1 28. Qxc1 Rxc1 29. Bxh7 Kc7 30. h4 Kd6 31. h5 Ke7 32. g4 Rc3 33. Bg8 Rc8 34. Bh7 Kf7 35. Bd3 Rc3 36. Bb5 Rxb3 37. Bd7 Rb6 38. f4 Rd6 39. Bc8 b6 40. g5 fxg5 41. fxg5 Rd8 42. Ba6 Rh8 43. Be2 Rg8 44. g6+ Kf6 45. Kg3 Kg5 46. Bg4 Re8 47. g7 Kh6 48. Bxe6 Kxg7 49. Bxd5 Rd8 50. Bc4 Rxd4 51. Bb5 Rb4 52. Be8 Kf6 53. Kf3 Kf5 54. Ke3 Ke5 55. Kd3 Kd5 56. Kc3 Kc5 57. Bd7 Rh4 58. Be8 Rh3+ 59. Kd2 Kb4 60. Ke2 Kc5 61. Kf2 b5 62. Bxb5 Rxh5 63. Ke3 Rh4 64. Kd2 Kd4 65. Kc2 Rh3 66. Kb2 Rc3 67. Bd7 Rc7 68. Bb5 Rc3 69. Bd7 Kd3 70. Bb5+ Kd2 71. Ba6 Rc2+ 72. Kb3 Rc1 73. Kb2 Rg1 74. Bb5 Rg4 75. Kb3 Rb4+ 76. Ka3 Kc3 77. Ka2 Rb3 78. Bc6 Rb2+ 79. Ka3 Rb1 80. Ka2 Re1 81. Bb5 Rg1 82. Bc6 Rg3 83. Bb5 Rg2+ 84. Ka3 Rb2 85. Bc6 Kc2 86. Bb5 Kc1 87. Bc6 Rc2 88. Bb5 Rc3+ 89. Ka2 Kc2 90. Bd7 Rc5 91. Bb5 Rc3 92. Bd7 Re3 93. Bb5 Re4 94. Bc6 Rb4 95. Bb5 Kc3 96. Ka3 Rb1 97. Ka2 Rb2+ 98. Ka3 Rd2 99. Bc6 Rd1 100. Ka2 Kb4 101. Bb5 Rd4 102. Bc6 Rd3 103. Bb5 Ra3+ 104. Kb2 Rb3+ 105. Ka2 Rc3 106. Kb2 Rc5 107. Ka2 Rc2+ 108. Kb1 Kb3 109. Bd7 Rb2+ 0-1


[Site "https://www.chess.com"]

[Event "Titled Tuesday Blitz January 31 Late 2023"]
[White "Koellner, Ruben Gideon"]
[Black "Rose, Felix"]
[WhiteFideId "12993093"]
[BlackFideId "5105722"]
[WhiteElo "2426"]
[BlackElo "2091"]
[Result "1-0"]
[Round "01"]
[TimeControl "180+2"]
[Date "2023.01.31"]
[WhiteClock "0:01:12"]
[BlackClock "0:00:12"]

1. d4 d5 2. Nf3 Nf6 3. e3 c5 4. Nbd2 e6 5. c3 Be7 6. Bd3 Nbd7 7. O-O b6 8. Ne5 Bb7 9. f4 Ne4 10. Nxe4 dxe4 11. Bb5 Bc8 12. Bc6 Rb8 13. Bxe4 Bb7 14. Bxb7 Rxb7 15. Qf3 Qc8 16. e4 cxd4 17. cxd4 Rc7 18. Be3 O-O 19. Rac1 Nxe5 20. fxe5 Rc2 21. Qd1 Rc4 22. Qd3 Rc6 23. Rxc6 Qxc6 24. d5 Qa4 25. d6 Bd8 26. a3 f5 27. exf5 exf5 28. Qd5+ Kh8 29. e6 f4 30. e7 1-0


[Site "https://www.chess.com"]

[Event "Titled Tuesday Blitz January 31 Late 2023"]
[White "Rostomyan, Mikayel"]
[Black "Szyszylo, Rafal"]
[WhiteFideId "13313754"]
[BlackFideId "1109626"]
[WhiteElo "2222"]
[BlackElo "2091"]
[Result "1-0"]
[Round "01"]
[TimeControl "180+2"]
[Date "2023.01.31"]
[WhiteClock "0:00:26"]
[BlackClock "0:00:03"]

1. d4 g6 2. Nf3 d6 3. b3 Nf6 4. Bb2 Bg7 5. e3 O-O 6. Be2 Nbd7 7. O-O e5 8. dxe5 Ng4 9. c4 dxe5 10. Nc3 c6 11. h3 Nh6 12. Ne4 f5 13. Nd6 Nf7 14. Nxf7 Kxf7 15. c5 Qe7 16. Bc4+ Ke8 17. b4 b6 18. cxb6 axb6 19. a3 Ba6 20. Qe2 Bxc4 21. Qxc4 Rc8 22. Rad1 b5 23. Qb3 Qf7 24. Qd3 e4 25. Qxd7+ Qxd7 26. Rxd7 Kxd7 27. Bxg7 exf3 28. Bxf8 Rxf8 29. gxf3 Ra8 30. Rd1+ Ke6 31. Rd3 Rc8 32. Rc3 Kd5 33. Kg2 g5 34. Rc5+ Ke6 35. e4 fxe4 36. fxe4 h6 37. Kg3 Kd6 38. Rf5 Ra8 39. Rf6+ Ke5 40. Rxh6 Rxa3+ 41. Kg4 Kxe4 42. Rxc6 Rb3 43. Kxg5 Rxb4 44. f4 Rb3 45. Re6+ Kd4 46. h4 Rg3+ 47. Kh6 b4 48. f5 b3 49. Rb6 Ke5 50. f6 b2 51. f7 Rf3 52. Kg7 Rg3+ 53. Kf8 Rh3 54. Ke8 1-0


[Site "https://www.chess.com"]

[Event "Titled Tuesday Blitz January 31 Late 2023"]
[White "Real_taiatai"]
[Black "Thomforde-Toates, Noah"]
[BlackFideId "30951992"]
[WhiteElo "2316"]
[BlackElo "2124"]
[Result "1-0"]
[Round "01"]
[TimeControl "180+2"]
[Date "2023.01.31"]
[WhiteClock "0:00:18"]
[BlackClock "0:00:50"]

1. d4 Nf6 2. c4 g6 3. g3 Bg7 4. Bg2 O-O 5. e4 d6 6. Nc3 Nc6 7. Nf3 Bg4 8. O-O Nd7 9. Be3 Bxf3 10. Bxf3 e5 11. d5 Nd4 12. Bg2 f5 13. exf5 gxf5 14. Bxd4 exd4 15. Ne2 Qf6 16. Nf4 a5 17. Ne6 Nc5 18. Nxf8 Rxf8 19. Qd2 f4 20. Qxa5 f3 21. Bh3 Qh6 22. Bg4 Nd3 23. Qxc7 Ne5 24. Be6+ Kh8 25. Rad1 d3 26. Qxd6 Ng4 27. h4 Be5 28. Qe7 Bf6 29. Qc5 Rg8 30. Bxg4 Bxh4 31. Qd4+ Bf6 32. Qe4 d2 33. Qxf3 Bxb2 34. Be6 Rg6 35. Rxd2 Be5 36. Re2 Bd6 37. Bf5 Rg8 38. Qc3+ Qg7 39. Qxg7+ Kxg7 40. Be6 Rf8 41. Rb1 Ra8 42. Rxb7+ Kf6 43. Rb6 Bc5 44. Rc6 Bb4 45. Bc8+ Kf7 46. Ba6 Rg8 47. Ree6 h5 48. Rc7+ Kf8 49. Bb5 Be7 50. Rexe7 Rxg3+ 51. fxg3 h4 52. Re8# 1-0


[Site "https://www.chess.com"]

[Event "Titled Tuesday Blitz January 31 Late 2023"]
[White "Coelho, Ramyres Santana"]
[Black "Klose, Eli"]
[WhiteFideId "2120690"]
[BlackFideId "16242955"]
[WhiteElo "1981"]
[BlackElo "1519"]
[Result "0-1"]
[Round "01"]
[TimeControl "180+2"]
[Date "2023.01.31"]
[WhiteClock "0:00:40"]
[BlackClock "0:01:40"]

1. e4 e6 2. d4 d5 3. Nc3 Bb4 4. e5 Ne7 5. a3 Bxc3+ 6. bxc3 b6 7. Qg4 Ng6 8. f4 h5 9. Qf3 Ba6 10. Bxa6 Nxa6 11. Qd3 Nb8 12. Nf3 Ne7 13. Ng5 Nbc6 14. O-O Qd7 15. a4 Na5 16. Nf3 Nc4 17. Nd2 Qc6 18. Nxc4 dxc4 19. Qe2 a5 20. Bd2 O-O-O 21. Rfb1 Nf5 22. Rb5 Rh6 23. Qf3 Qxf3 24. gxf3 Rg6+ 25. Kf2 Nh4 26. Ke3 Rg2 27. Re1 Nf5+ 28. Ke4 Rxd2 29. h4 R2xd4+ 30. cxd4 Rxd4# 0-1


[Site "https://www.chess.com"]

[Event "Titled Tuesday Blitz January 31 Late 2023"]
[White "Chan, Luis"]
[Black "Adury, Anant"]
[WhiteFideId "3216357"]
[BlackFideId "30964687"]
[WhiteElo "2208"]
[BlackElo "2123"]
[Result "1-0"]
[Round "01"]
[TimeControl "180+2"]
[Date "2023.01.31"]
[WhiteClock "0:00:19"]
[BlackClock "0:00:24"]

1. b3 Nf6 2. Bb2 c5 3. e3 Nc6 4. f4 d5 5. Bb5 Bd7 6. Nf3 a6 7. Bxc6 Bxc6 8. O-O e6 9. Ne5 Bd6 10. d3 Nd7 11. Nxc6 bxc6 12. Bxg7 Rg8 13. Bb2 Qc7 14. Qh5 Nf8 15. Nd2 O-O-O 16. Be5 Ng6 17. Bxd6 Qxd6 18. Rae1 Qe7 19. Nf3 f6 20. f5 Ne5 21. Nxe5 fxe5 22. fxe6 Qxe6 23. Rf7 Rg6 24. Qxh7 Rdg8 25. Re2 e4 26. Ra7 Rxg2+ 27. Rxg2 Rxg2+ 28. Kxg2 Qg4+ 29. Kf2 Qf3+ 30. Ke1 Qxe3+ 31. Kd1 Qg1+ 32. Kd2 Qf2+ 33. Kc1 Qg1+ 34. Kb2 Qd4+ 35. c3 1-0


[Site "https://www.chess.com"]

[Event "Titled Tuesday Blitz January 31 Late 2023"]
[White "Tatarinov, Dmitry"]
[Black "Romero Ruscalleda, Josep"]
[WhiteFideId "24160067"]
[BlackFideId "2231859"]
[WhiteElo "2310"]
[BlackElo "2160"]
[Result "1-0"]
[Round "01"]
[TimeControl "180+2"]
[Date "2023.01.31"]
[WhiteClock "0:02:15"]
[BlackClock "0:01:25"]

1. d4 g6 2. Nf3 Bg7 3. e4 d6 4. Nc3 a6 5. Bc4 b5 6. Bb3 Nf6 7. O-O O-O 8. Re1 e6 9. e5 Ne8 10. d5 dxe5 11. dxe6 Nd6 12. exf7+ Nxf7 13. Qxd8 Rxd8 14. Ng5 Rf8 15. Be3 Nc6 16. Bc5 Bf6 17. Nxf7 Rxf7 18. Nd5 Kg7 19. Nxf6 Rxf6 20. Rad1 Be6 21. Bxe6 Rxe6 22. Rd7+ Kf6 23. Rxc7 Rd8 24. Be3 Nd4 25. h4 h6 26. Bxh6 e4 27. Bg5+ Kf5 28. Rf7+ Kg4 29. Bxd8 Nxc2 30. f3+ Kh5 31. g4+ Kh6 32. Bg5# 1-0


[Site "https://www.chess.com"]

[Event "Titled Tuesday Blitz January 31 Late 2023"]
[White "Lopez Del Alamo, Antonio"]
[Black "Rosen, Eric"]
[WhiteFideId "2227339"]
[BlackFideId "2032562"]
[WhiteElo "2280"]
[BlackElo "2349"]
[Result "1-0"]
[Round "01"]
[TimeControl "180+2"]
[Date "2023.01.31"]
[WhiteClock "0:00:12"]
[BlackClock "0:00:04"]

1. e4 c5 2. Nf3 e6 3. d3 a6 4. g3 b5 5. Bg2 Bb7 6. O-O Ne7 7. Re1 d6 8. h4 Nd7 9. h5 Qc7 10. a4 b4 11. Nbd2 Nc6 12. Nc4 Be7 13. b3 Bf6 14. Rb1 a5 15. Nh2 Bd4 16. Be3 O-O-O 17. Nf3 Bc3 18. Bf4 e5 19. Bd2 Bd4 20. Ne3 Ne7 21. Bh3 Kb8 22. Nxd4 cxd4 23. Nc4 Ba6 24. f4 Bxc4 25. bxc4 Ka7 26. Qf3 f6 27. Be6 Nc5 28. Bd5 Rhf8 29. f5 Nxd5 30. exd5 Nxa4 31. Ra1 Nc3 32. Bxc3 dxc3 33. Qe3+ Ka6 34. Reb1 Qc5 35. Qxc5 dxc5 36. Ra4 Kb6 37. Rba1 Ra8 38. Kf2 Rg8 39. g4 g6 40. fxg6 hxg6 41. Kf3 gxh5 42. gxh5 f5 43. Rh1 Rg4 44. h6 Rh8 45. h7 Rg7 46. Rh6+ Kb7 47. Rxa5 Rhxh7 48. Rb5+ Ka7 49. Ra5+ Kb8 50. Rb5+ Ka8 51. Ra6+ Ra7 52. Rxa7+ Kxa7 53. Rxc5 b3 54. Ra5+ Kb6 55. Rb5+ Kc7 56. Rxb3 Kd6 57. Rb5 Rh2 58. Rb6+ Kc5 59. Rc6+ Kd4 60. d6 Rh3+ 61. Kg2 Rh7 62. Rc7 Rh6 63. d7 Rd6 64. c5 Rd5 65. c6 Ke3 66. Rc8 Rxd3 67. d8=Q Rd2+ 68. Qxd2+ cxd2 69. Rd8 f4 70. c7 Ke2 71. c8=Q f3+ 72. Kg3 e4 73. Qe6 e3 74. Qg4 Ke1 75. Qxf3 e2 76. Qxe2+ Kxe2 77. Rxd2+ Kxd2 78. c4 Ke3 79. c5 Kd4 80. c6 Ke5 81. c7 1-0


[Site "https://www.chess.com"]

[Event "Titled Tuesday Blitz January 31 Late 2023"]
[White "Gardezi, Arsal"]
[Black "Carnicelli, Valerio"]
[WhiteFideId "30949521"]
[BlackFideId "856185"]
[WhiteElo "2093"]
[BlackElo "2370"]
[Result "0-1"]
[Round "01"]
[TimeControl "180+2"]
[Date "2023.01.31"]
[WhiteClock "0:00:08"]
[BlackClock "0:00:07"]

1. Nf3 Nf6 2. d4 e6 3. c4 c5 4. Nc3 cxd4 5. Nxd4 Nc6 6. e4 Bb4 7. Nxc6 bxc6 8. Bd3 e5 9. O-O O-O 10. a3 Bxc3 11. bxc3 d6 12. Be3 c5 13. Bc2 Rb8 14. f3 Be6 15. Qd3 Qc7 16. Rfd1 Rb6 17. Rab1 Rfb8 18. Rxb6 Rxb6 19. f4 Ng4 20. Bc1 h6 21. h3 Nf6 22. f5 Bc8 23. Qg3 Kf8 24. Qh4 Qe7 25. g4 Nh7 26. Qg3 Bb7 27. Kh2 Nf6 28. Re1 Ba6 29. Bd3 Rb3 30. Bf1 Qb7 31. Qd3 Qc6 32. g5 hxg5 33. Bxg5 Rb2+ 34. Bg2 Ke7 35. Rd1 Bb7 36. Rd2 Rxd2 37. Qxd2 Ba6 38. Bh4 Bxc4 39. Qg5 Kf8 40. Qe3 Qa4 41. Qd2 Qa6 42. Bf3 Bd3 43. Qg5 Qxa3 44. Qe3 Qxc3 45. Be2 c4 46. Bf2 Qc2 47. Bf3 Kg8 48. Qxa7 Bxe4 49. Bg4 Bxf5 50. Qb8+ Kh7 51. Qxd6 Qxf2+ 52. Kh1 Be4+ 0-1


[Site "https://www.chess.com"]

[Event "Titled Tuesday Blitz January 31 Late 2023"]
[White "EREBUNI91"]
[Black "Dylag, Emilia"]
[BlackFideId "21805172"]
[WhiteElo "2685"]
[BlackElo "2095"]
[Result "1-0"]
[Round "01"]
[TimeControl "180+2"]
[Date "2023.01.31"]
[WhiteClock "0:00:33"]
[BlackClock "0:00:01"]

1. e4 e5 2. Nf3 Nc6 3. Nc3 Nf6 4. d4 exd4 5. Nxd4 Bb4 6. Nxc6 bxc6 7. Bd3 d5 8. exd5 O-O 9. O-O cxd5 10. Bg5 c6 11. Qf3 Rb8 12. h3 h6 13. Bxh6 gxh6 14. Qg3+ Kh8 15. Qxb8 Bd6 16. Qxa7 Rg8 17. Qe3 Bf8 18. Ne2 h5 19. Qf3 Bh6 20. Ng3 Bxh3 21. gxh3 h4 22. Kh2 Qd6 23. Rg1 Bf4 24. Rg2 c5 25. c3 Rg5 26. Rag1 c4 27. Kh1 cxd3 28. Nf1 Ne4 29. Rxg5 Bxg5 30. Qh5+ Bh6 31. Qxf7 Qf8 32. Qxf8+ Bxf8 33. Kg2 Bh6 34. Ne3 Kg7 35. Rd1 d2 36. Kf3 Kf6 37. Nxd5+ Ke5 38. Ne3 Bf8 39. Ke2 Bh6 40. Ng4+ Kf4 41. Nxh6 1-0


[Site "https://www.chess.com"]

[Event "Titled Tuesday Blitz January 31 Late 2023"]
[White "Chor, Kevin"]
[Black "Stavri, Gligor"]
[WhiteFideId "2090740"]
[BlackFideId "4706013"]
[WhiteElo "1944"]
[BlackElo "1867"]
[Result "1-0"]
[Round "01"]
[TimeControl "180+2"]
[Date "2023.01.31"]
[WhiteClock "0:00:52"]
[BlackClock "0:00:04"]

1. e4 c5 2. Nf3 e6 3. d4 cxd4 4. Nxd4 Nc6 5. Nc3 Qc7 6. Be3 a6 7. Qf3 Ne5 8. Qg3 h5 9. Bf4 d6 10. O-O-O h4 11. Qh3 Nf6 12. Bg5 Be7 13. f4 Nc4 14. Bxc4 Qxc4 15. e5 dxe5 16. fxe5 Nd5 17. Bxe7 Nxe7 18. Rhf1 Bd7 19. Ne4 Nc8 20. Qf3 Rf8 21. Ng5 Bc6 22. Qh5 g6 23. Qh7 Ne7 24. Nxf7 Bd5 25. Nd6+ Kd7 26. Nxc4 1-0


[Site "https://www.chess.com"]

[Event "Titled Tuesday Blitz January 31 Late 2023"]
[White "Garrido, Denis"]
[Black "Hasanagic, Anel"]
[WhiteFideId "601217"]
[BlackFideId "14605791"]
[WhiteElo "2205"]
[BlackElo "2243"]
[Result "1-0"]
[Round "01"]
[TimeControl "180+2"]
[Date "2023.01.31"]
[WhiteClock "0:00:41"]
[BlackClock "0:00:02"]

1. e4 c6 2. d4 d5 3. e5 c5 4. dxc5 Nc6 5. a3 a5 6. Bb5 Nh6 7. Nf3 Bg4 8. h3 Bxf3 9. Qxf3 e6 10. Bxh6 gxh6 11. c4 Bxc5 12. Nc3 O-O 13. O-O-O Nxe5 14. Qg3+ Ng6 15. cxd5 e5 16. h4 h5 17. Ne4 Rc8 18. Kb1 Bd4 19. d6 f5 20. Rxd4 exd4 21. Ng5 f4 22. Qb3+ Kh8 23. d7 Rc5 24. Ne6 Qe7 25. Nxc5 Qxc5 26. Rc1 Qf5+ 27. Ka1 Ne5 28. Qd5 Nxd7 29. Qxd7 Qxd7 30. Bxd7 Rc8 31. Rxc8+ 1-0


[Site "https://www.chess.com"]

[Event "Titled Tuesday Blitz January 31 Late 2023"]
[White "Rosenberg, Evan S"]
[Black "Blit, Jacques"]
[WhiteFideId "2019299"]
[BlackFideId "114839"]
[WhiteElo "1956"]
[BlackElo "2309"]
[Result "0-1"]
[Round "01"]
[TimeControl "180+2"]
[Date "2023.01.31"]
[WhiteClock "0:00:02"]
[BlackClock "0:00:09"]

1. d4 d6 2. e4 Nf6 3. Nc3 g6 4. Nf3 Bg7 5. Be2 O-O 6. O-O a6 7. Re1 b5 8. e5 Nfd7 9. e6 fxe6 10. Ng5 Nb6 11. Bf3 d5 12. Nxe6 Bxe6 13. Rxe6 Rf6 14. Rxb6 Rxb6 15. Bxd5+ Kh8 16. Bxa8 c6 17. d5 b4 18. Na4 Rb5 19. c4 bxc3 20. Nxc3 Bxc3 21. Bf4 Rxd5 22. Qc2 Bf6 23. h3 Qb6 24. Bxb8 Qxb8 25. Qxc6 Rd2 26. Qxa6 Rxb2 27. Rf1 Bd4 28. Bd5 Qf4 29. Qc8+ Kg7 30. Qg8+ Kh6 31. Bf3 e5 32. Qd5 Rd2 33. Qe4 Qxe4 34. Bxe4 Rxa2 35. g3 Kg5 36. Kg2 h5 37. h4+ Kf6 38. Kf3 g5 39. hxg5+ Kxg5 40. Kg2 Kg4 41. Bf3+ Kg5 42. Be4 Kf6 43. Bf3 Kf5 44. Bxh5 e4 45. Be8 e3 46. Kf3 exf2 47. Bd7+ Ke5 48. g4 Ra3+ 49. Kg2 Kf4 50. Bf5 Rg3+ 51. Kh2 Kf3 52. g5 Rxg5 53. Bh3 Rg1 0-1


[Site "https://www.chess.com"]

[Event "Titled Tuesday Blitz January 31 Late 2023"]
[White "Fiorito, Joaquin"]
[Black "Szente Varga, Fruzsina"]
[WhiteFideId "180173"]
[BlackFideId "712264"]
[WhiteElo "2405"]
[BlackElo "2075"]
[Result "1-0"]
[Round "01"]
[TimeControl "180+2"]
[Date "2023.01.31"]
[WhiteClock "0:00:55"]
[BlackClock "0:00:17"]

1. d4 Nf6 2. Nc3 d5 3. Bf4 g6 4. e3 Bg7 5. h4 O-O 6. h5 Bf5 7. hxg6 hxg6 8. Bh6 Bxh6 9. Rxh6 Kg7 10. Rh1 Rh8 11. Rxh8 Qxh8 12. Qd2 Qh1 13. Nf3 Ne4 14. Nxe4 Bxe4 15. Qe2 Nc6 16. a3 Re8 17. O-O-O e5 18. Nxe5 Nxe5 19. dxe5 Bxg2 20. Bxg2 Qxg2 21. Qb5 Rxe5 22. Qxb7 Qxf2 23. Qxa7 c6 24. a4 Rxe3 25. a5 Qf4 26. Kb1 Re2 27. Qc5 Qa4 28. b3 Qe4 29. a6 Re1 30. Qc3+ 1-0


[Site "https://www.chess.com"]

[Event "Titled Tuesday Blitz January 31 Late 2023"]
[White "Urbina Quiroz, Edwin"]
[Black "Cori T., Deysi"]
[WhiteFideId "6500650"]
[BlackFideId "3801934"]
[WhiteElo "2129"]
[BlackElo "2362"]
[Result "1/2-1/2"]
[Round "01"]
[TimeControl "180+2"]
[Date "2023.01.31"]
[WhiteClock "0:00:06"]
[BlackClock "0:00:20"]

1. e4 e6 2. d4 d5 3. e5 c5 4. c3 Nc6 5. Nf3 Nge7 6. Bd3 Bd7 7. O-O b5 8. dxc5 Ng6 9. Bxb5 Bxc5 10. Qe2 Qc7 11. c4 d4 12. Qe4 O-O 13. Re1 a6 14. Ba4 Ncxe5 15. Bxd7 Nxd7 16. Nbd2 Nf6 17. Qc2 Rfd8 18. Ne4 Nd7 19. Nxc5 Nxc5 20. b4 d3 21. Qb2 d2 22. Bxd2 Nd3 23. Qc3 Nxe1 24. Rxe1 Rac8 25. c5 Qc6 26. Nd4 Qd5 27. Be3 Ne5 28. a4 Ng4 29. Rc1 e5 30. Nf5 Rc7 31. h3 Nf6 32. b5 axb5 33. axb5 Ne4 34. Qc4 g6 35. Qxd5 Rxd5 36. b6 Rcd7 37. c6 Rd1+ 38. Kh2 gxf5 39. cxd7 Rxd7 40. Rc7 Rxc7 41. bxc7 Nd6 42. Bc5 Nc8 43. g4 fxg4 44. hxg4 f5 45. gxf5 Kf7 46. Kg3 Kf6 47. Kg4 h5+ 48. Kxh5 Kxf5 49. Kh6 Kf6 50. Kh5 Kf5 51. Kh4 Kf4 52. Kh5 Kf5 1/2-1/2


[Site "https://www.chess.com"]

[Event "Titled Tuesday Blitz January 31 Late 2023"]
[White "Riverol, Jose"]
[Black "Risteski, Emil"]
[WhiteFideId "3000427"]
[BlackFideId "15005267"]
[WhiteElo "2304"]
[BlackElo "2366"]
[Result "0-1"]
[Round "01"]
[TimeControl "180+2"]
[Date "2023.01.31"]
[WhiteClock "0:00:02"]
[BlackClock "0:00:16"]

1. d4 d6 2. Nf3 Nf6 3. c4 Nbd7 4. Nc3 e5 5. Bg5 Be7 6. e3 O-O 7. Be2 c6 8. O-O Re8 9. Qc2 Qc7 10. Rac1 Nf8 11. Rfd1 Ng6 12. a3 h6 13. Bxf6 Bxf6 14. b4 Nh4 15. c5 Nxf3+ 16. Bxf3 d5 17. dxe5 Bxe5 18. g3 g6 19. Ne2 h5 20. Nd4 h4 21. b5 hxg3 22. hxg3 Kg7 23. Kg2 Rh8 24. Rh1 Bd7 25. a4 Rae8 26. Rxh8 Rxh8 27. Rh1 Qc8 28. bxc6 Bh3+ 29. Kg1 bxc6 30. Bg2 Bd7 31. Rxh8 Kxh8 32. Qb3 Kg7 33. Bf1 Qc7 34. Kg2 Kf6 35. Qb4 Ke7 36. a5 Kd8 37. a6 Bc8 38. Nf3 Bf6 39. Be2 Be7 40. Qd4 f6 41. Qh4 Qd7 42. Qh6 Qe8 43. Nd4 Bd7 44. Qh4 Kc7 45. Bg4 f5 0-1


[Site "https://www.chess.com"]

[Event "Titled Tuesday Blitz January 31 Late 2023"]
[White "Bulgurlu, Okan"]
[Black "Mladek, Richard"]
[WhiteFideId "6352316"]
[BlackFideId "386588"]
[WhiteElo "1908"]
[BlackElo "2436"]
[Result "1-0"]
[Round "01"]
[TimeControl "180+2"]
[Date "2023.01.31"]
[WhiteClock "0:01:30"]
[BlackClock "0:01:09"]

1. e4 f5 2. exf5 Nf6 3. d4 d5 4. Bd3 c5 5. dxc5 e5 6. fxe6 Bxc5 7. Nf3 O-O 8. O-O Bxe6 9. Ng5 Bd7 10. Nxh7 Ng4 11. Nxf8 Qh4 12. h3 Nxf2 13. Bh7+ Qxh7 14. Qxd5+ 1-0


[Site "https://www.chess.com"]

[Event "Titled Tuesday Blitz January 31 Late 2023"]
[White "Kaufman, Lawrence"]
[Black "Suder, Jakub"]
[WhiteFideId "2000555"]
[BlackFideId "1195310"]
[WhiteElo "2188"]
[BlackElo "2244"]
[Result "0-1"]
[Round "01"]
[TimeControl "180+2"]
[Date "2023.01.31"]
[WhiteClock "0:00:04"]
[BlackClock "0:00:26"]

1. e4 c5 2. Nf3 e6 3. c3 Nf6 4. e5 Nd5 5. Bc4 d6 6. d4 cxd4 7. cxd4 Nb6 8. Bb3 dxe5 9. Nxe5 Nc6 10. Nf3 Bd7 11. O-O Bd6 12. Nc3 O-O 13. Ne4 Be7 14. Bf4 Na5 15. Bc2 Nd5 16. Bg3 Bb5 17. Re1 Rc8 18. a3 Nc4 19. Rb1 Qa5 20. Ne5 Nxe5 21. dxe5 f5 22. exf6 Nxf6 23. Ng5 Bc4 24. Nxe6 Rfe8 25. Nf4 Bf8 26. Rxe8 Rxe8 27. Qd4 Bf7 28. Nd3 Kh8 29. h3 Rd8 0-1


[Site "https://www.chess.com"]

[Event "Titled Tuesday Blitz January 31 Late 2023"]
[White "Lesbekova, Assel"]
[Black "Kourkoulos-Arditis, Stamatis"]
[WhiteFideId "13713248"]
[BlackFideId "4221990"]
[WhiteElo "1772"]
[BlackElo "2539"]
[Result "0-1"]
[Round "01"]
[TimeControl "180+2"]
[Date "2023.01.31"]
[WhiteClock "0:01:33"]
[BlackClock "0:01:55"]

1. e4 e5 2. Nf3 Nc6 3. d4 exd4 4. Nxd4 g6 5. Nxc6 bxc6 6. Qd4 Qf6 7. e5 Qe7 8. Be2 Bg7 9. f4 Nh6 10. O-O Nf5 11. Qd3 h5 12. Nc3 O-O 13. Ne4 d6 14. exd6 cxd6 15. c3 Re8 16. Bf3 d5 17. Nf2 a5 18. Qc2 Ba6 19. Rd1 Qe1+ 0-1


[Site "https://www.chess.com"]